 Dungeon Crawl Stone Soup version 0.22-a0-181-gb22368a (webtiles) character file.

809 mhoghedin the Covered (level 7, 0/53 HPs)
             Began as a Gnoll Wanderer on Feb 14, 2018.
             Was a Believer of Wu Jian.
             Slain by a hornet (13 damage)
             ... on level 5 of the Dungeon.
             The game lasted 00:11:32 (5172 turns).

mhoghedin the Covered (Gnoll Wanderer)              Turns: 5172, Time: 00:11:33

Health: 0/53       AC:  9    Str: 16    XL:     7   Next: 92%
Magic:  13/13      EV:  9    Int: 15    God:    Wu Jian [**....]
Gold:   135        SH:  8    Dex: 14    Spells: 14/14 levels left

rFire    + . .     SeeInvis .   n - +1 trident (protect)
rCold    . . .     Gourm    .   j - +0 shield
rNeg     . . .     Faith    +   i - +0 ring mail (curse)
rPois    .         Spirit   .   h - +0 helmet
rElec    .         Reflect  .   g - +0 cloak
rCorr    .         Harm     .   (no gloves)
MR       .....                  (no boots)
Stlth    ++........             t - amulet of faith {Faith, !P}
HPRegen  0.17/turn              r - ring of protection from fire {rF+, !d}
MPRegen  0.13/turn              (no ring)

@: no status effects
A: distributed training, fangs 1, strong nose
a: Wall Jump, Renounce Religion


You were on level 5 of the Dungeon.
You worshipped Wu Jian.
Wu Jian was pleased with you.
You were not hungry.

You visited 1 branch of the dungeon, and saw 5 of its levels.

You collected 181 gold pieces.
You spent 46 gold pieces at shops.

Inventory:

Hand Weapons
 b - a +0 shortbow
 n - a +1 trident of protection (weapon)
   (You took it off an orc on level 3 of the Dungeon)
Missiles
 c - 38 arrows
 k - a silver javelin (quivered)
Armour
 g - a +0 cloak (worn)
   (You found it on level 3 of the Dungeon)
 h - a +0 helmet (worn)
   (You took it off Robin on level 3 of the Dungeon)
 i - a cursed +0 ring mail (worn)
   (You found it on level 2 of the Dungeon)
 j - a +0 shield (worn)
   (You took it off a kobold on level 2 of the Dungeon)
Jewellery
 r - a ring of protection from fire (left hand) {rF+, !d}
   (You found it on level 3 of the Dungeon)
 t - an amulet of faith (around neck) {Faith, !P}
   (You took it off a kobold on level 3 of the Dungeon)
Scrolls
 d - a scroll of remove curse
 l - 2 scrolls of immolation {!r}
 s - a scroll of enchant weapon
Potions
 e - a potion of degeneration {unknown}
 p - a potion of brilliance
Books
 a - a book of Minor Magic
Comestibles
 f - 9 rations


   Skills:
 + Level 3.8 Fighting
 + Level 2.7 Short Blades
 + Level 2.7 Long Blades
 + Level 2.7 Axes
 + Level 2.7 Maces & Flails
 + Level 2.7 Polearms
 + Level 2.7 Staves
 + Level 2.7 Slings
 + Level 3.8 Bows
 + Level 2.7 Crossbows
 + Level 2.7 Throwing
 + Level 7.1 Armour
 + Level 2.7 Dodging
 + Level 2.7 Stealth
 + Level 2.7 Shields
 + Level 2.7 Unarmed Combat
 + Level 4.0 Spellcasting
 + Level 2.2 Conjurations
 + Level 2.2 Hexes
 + Level 2.2 Charms
 + Level 2.2 Summonings
 + Level 2.2 Necromancy
 + Level 2.2 Translocations
 + Level 2.2 Transmutations
 + Level 2.2 Fire Magic
 + Level 2.2 Ice Magic
 + Level 3.1 Air Magic
 + Level 3.1 Earth Magic
 + Level 2.2 Poison Magic
 + Level 3.0 Invocations
 + Level 5.4 Evocations


You had 14 spell levels left.
You didn't know any spells.

Dungeon Overview and Level Annotations

Branches:
Dungeon (5/15)
 Temple: D:4-7

Altars:
Wu Jian

Shops:
D:4 *

Annotations:
D:4 2 transporters
D:5 KristoblXynda's ghost, novice DrFi


Innate Abilities, Weirdness & Mutations

Your experience applies equally to all skills.
You have very sharp teeth.
Your uncanny sense of smell can sniff out nearby items.


Message History

Partly explored, unvisited transporter.
Partly explored, unvisited transporter.
Things that are here:
a falchion; a robe; a dagger
Things that are here:
a ring mail; a mace
There is a stone staircase leading down here.
You regained 6 hp, and now have 52/53 hp.
You climb downwards.
Level annotation: KristoblXynda's ghost, novice DrFi
There is a stone staircase leading up here.
KristoblXynda's ghost is nearby!
A giant cockroach and a skeleton come into view.
You hear a blaring wail to the north.
You hear an angry buzzing noise.
Found a chain mail.
Found an escape hatch in the ceiling.
Health restored: 53 You see here 17 gold pieces.
KristoblXynda's ghost says, "Ah, a second chance to prove myself in battle!"
You barely miss the giant cockroach. Your bite misses the giant cockroach.
The giant cockroach closely misses you. x2
You closely miss the giant cockroach. The giant cockroach closely misses you.
The giant cockroach bites you but does no damage.
You hit the giant cockroach.
Your weapon exudes an aura of protection.
Your bite misses the giant cockroach.
The giant cockroach bites you but does no damage.
You puncture the giant cockroach!
You kill the giant cockroach!
The Council accepts your kill.
You hit the bullfrog skeleton. The bullfrog skeleton hits you.
The bullfrog skeleton barely misses you.
You take 5 damage, and have 48/53 hp.
You barely miss the bullfrog skeleton. You bite the bullfrog skeleton.
The bullfrog skeleton hits you but does no damage.
You hit the bullfrog skeleton.
You block the bullfrog skeleton's attack.
The bullfrog skeleton hits you.
You take 1 damage, and have 48/53 hp.
You hit the bullfrog skeleton. Your bite misses the bullfrog skeleton.
The bullfrog skeleton barely misses you.
KristoblXynda's ghost ripples.
The bullfrog skeleton closely misses you.
You hit the bullfrog skeleton.
You block the bullfrog skeleton's attack.
The bullfrog skeleton misses you.
Your shield and ring mail prevent you from hitting the bullfrog skeleton.
You block the bullfrog skeleton's attack.
You puncture the bullfrog skeleton!
The bullfrog skeleton barely misses you. x2
You puncture the bullfrog skeleton!
You destroy the bullfrog skeleton!
The Council accepts your kill.
Your Spellcasting skill increases to level 4!
You hit KristoblXynda's ghost but do no damage.
KristoblXynda's ghost hits you.
You take 5 damage, and have 44/53 hp.
You hit KristoblXynda's ghost but do no damage.
KristoblXynda's ghost barely misses you.
You hit KristoblXynda's ghost but do no damage.
KristoblXynda's ghost hits you.
KristoblXynda's ghost hits you but does no damage.
You take 3 damage, and have 41/53 hp.
You puncture KristoblXynda's ghost! You bite KristoblXynda's ghost.
You block KristoblXynda's ghost's attack.
You barely miss KristoblXynda's ghost.
KristoblXynda's ghost hits you but does no damage.
You closely miss KristoblXynda's ghost. KristoblXynda's ghost hits you!
KristoblXynda's ghost hits you.
You take 12 damage, and have 30/53 hp.
MASSIVE DAMAGE!!
MP restored: 13 It was a potion of ambrosia.
You are confused.
You feel invigorated.
KristoblXynda's ghost hits you but does no damage.
You regained 3 hp, and now have 33/53 hp.
Unknown command.
Unknown command.
You miss KristoblXynda's ghost. KristoblXynda's ghost hits you!
You take 4 damage, and have 29/53 hp.
You bump into the rock wall.
KristoblXynda's ghost hits you!
You take 5 damage, and have 24/53 hp.
You bump into the rock wall.
KristoblXynda's ghost hits you!
You take 8 damage, and have 16/53 hp.
You bump into the rock wall.
You feel less invigorated.
You feel less confused. KristoblXynda's ghost hits you!
* * * LOW HITPOINT WARNING * * *
You take 4 damage, and have 12/53 hp.
You repeatedly attack KristoblXynda's ghost from above.
You hit KristoblXynda's ghost but do no damage.
Your weapon exudes an aura of protection.
You hit KristoblXynda's ghost.
KristoblXynda's ghost hits you but does no damage. x2
You see here 17 gold pieces.
A hornet comes into view.
The hornet buzzes angrily.
A crimson imp comes into view.
The hornet stings you!
You die...

#..<......#.[..
#.........#....
#..............
#.........#....
#.........?....
#.........#...#
#.....(.5.....#.#
#########...####...#
#.†$W.@y............
#########...<#....#
#..##......##
....#...#.....##
......#.#.......<###
..............#....#
................#...
.....>......<.......
................#.##


You could see a hornet, KristoblXynda's ghost and a crimson imp (wandering).

Vanquished Creatures
  Menkaure (D:4)
  An ogre (D:4)
  A scorpion (D:4)
  A crimson imp (D:4)
  A hound (D:4)
  A centaur skeleton (D:4)
  2 orc wizards (D:4)
  A bullfrog skeleton (D:5)
  4 worker ants (D:4)
  Robin (D:3)
  10 gnolls
  5 adders
  An ooze (D:1)
  2 adder skeletons (D:4)
  4 dart slugs
  2 leopard geckos
  9 orcs
  6 bats
  5 giant cockroaches
  26 goblins
  8 hobgoblins
  4 jackals
  A quokka (D:3)
  2 ball pythons (D:2)
  7 frilled lizards
  9 kobolds
  3 rats
  A plant (D:2)
119 creatures vanquished.

Notes
Turn   | Place    | Note
-------+----------+-------------------------------------------
     0 | D:1      | mhoghedin the Gnoll Wanderer began the quest for the Orb.
     0 | D:1      | mhoghedin set off with: a book of Minor Magic, a +0 shortbow, 27 arrows, a +0 ring mail, a ration
     0 | D:1      | Reached XP level 1. HP: 17/17 MP: 4/4
    84 | D:1      | Reached skill level 2 in Air Magic
    84 | D:1      | Reached skill level 2 in Earth Magic
    92 | D:1      | Reached XP level 2. HP: 18/23 MP: 5/5
   453 | D:1      | Reached XP level 3. HP: 28/28 MP: 7/7
   676 | D:2      | Reached skill level 1 in Invocations
   762 | D:2      | HP: 5/28 [adder (3)]
   766 | D:2      | Reached skill level 1 in Short Blades
   766 | D:2      | Reached skill level 1 in Long Blades
   766 | D:2      | Reached skill level 1 in Axes
   766 | D:2      | Reached skill level 1 in Maces & Flails
   766 | D:2      | Reached skill level 1 in Polearms
   766 | D:2      | Reached skill level 1 in Staves
   766 | D:2      | Reached skill level 1 in Slings
   766 | D:2      | Reached skill level 1 in Crossbows
   766 | D:2      | Reached skill level 1 in Throwing
   766 | D:2      | Reached skill level 1 in Dodging
   766 | D:2      | Reached skill level 1 in Stealth
   766 | D:2      | Reached skill level 1 in Shields
   766 | D:2      | Reached skill level 1 in Unarmed Combat
   766 | D:2      | Reached XP level 4. HP: 18/34 MP: 8/8
  1424 | D:2      | Found an ornate altar of the Wu Jian Council.
  1440 | D:2      | Became a worshipper of the Wu Jian Council
  1498 | D:3      | Reached skill level 3 in Spellcasting
  1499 | D:3      | Reached skill level 1 in Conjurations
  1499 | D:3      | Reached skill level 1 in Hexes
  1499 | D:3      | Reached skill level 1 in Charms
  1499 | D:3      | Reached skill level 1 in Summonings
  1499 | D:3      | Reached skill level 1 in Necromancy
  1499 | D:3      | Reached skill level 1 in Translocations
  1499 | D:3      | Reached skill level 1 in Transmutations
  1499 | D:3      | Reached skill level 1 in Fire Magic
  1499 | D:3      | Reached skill level 1 in Ice Magic
  1499 | D:3      | Reached skill level 1 in Poison Magic
  1814 | D:3      | Reached XP level 5. HP: 35/40 MP: 9/9
  2065 | D:3      | Reached * piety under Wu Jian
  2102 | D:3      | Reached skill level 3 in Fighting
  2102 | D:3      | Reached skill level 3 in Bows
  2142 | D:3      | Noticed Robin
  2163 | D:3      | Killed Robin
  2607 | D:3      | Reached XP level 6. HP: 19/47 MP: 10/10
  3353 | D:4      | Noticed Menkaure
  3611 | D:4      | Reached skill level 2 in Invocations
  3785 | D:4      | Reached skill level 2 in Short Blades
  3785 | D:4      | Reached skill level 2 in Long Blades
  3785 | D:4      | Reached skill level 2 in Axes
  3785 | D:4      | Reached skill level 2 in Maces & Flails
  3785 | D:4      | Reached skill level 2 in Polearms
  3785 | D:4      | Reached skill level 2 in Staves
  3785 | D:4      | Reached skill level 2 in Slings
  3785 | D:4      | Reached skill level 2 in Crossbows
  3785 | D:4      | Reached skill level 2 in Throwing
  3785 | D:4      | Reached skill level 2 in Dodging
  3785 | D:4      | Reached skill level 2 in Stealth
  3785 | D:4      | Reached skill level 2 in Shields
  3785 | D:4      | Reached skill level 2 in Unarmed Combat
  3785 | D:4      | Reached skill level 5 in Evocations
  3977 | D:4      | Killed Menkaure
  3977 | D:4      | Reached XP level 7. HP: 29/52 MP: 12/12
  4043 | D:4      | Reached skill level 7 in Armour
  4090 | D:4      | Reached ** piety under Wu Jian
  4112 | D:4      | Found a transporter.
  4118 | D:4      | Found a transporter.
  4128 | D:4      | Reached skill level 2 in Conjurations
  4128 | D:4      | Reached skill level 2 in Hexes
  4128 | D:4      | Reached skill level 2 in Charms
  4128 | D:4      | Reached skill level 2 in Summonings
  4128 | D:4      | Reached skill level 2 in Necromancy
  4128 | D:4      | Reached skill level 2 in Translocations
  4128 | D:4      | Reached skill level 2 in Transmutations
  4128 | D:4      | Reached skill level 2 in Fire Magic
  4128 | D:4      | Reached skill level 2 in Ice Magic
  4128 | D:4      | Reached skill level 2 in Poison Magic
  4216 | D:4      | Reached skill level 3 in Air Magic
  4216 | D:4      | Reached skill level 3 in Earth Magic
  4239 | D:4      | Found Qotetih's Assorted Antiques.
  4242 | D:4      | Bought a scroll labeled LEC ZIASOHUKKI for 23 gold pieces
  4242 | D:4      | Bought a scroll labeled ILETWU ZILESIST for 23 gold pieces
  4675 | D:4      | Reached skill level 3 in Invocations
  5081 | D:5      | Entered Level 5 of the Dungeon
  5083 | D:5      | Noticed KristoblXynda's ghost (novice DrFi)
  5157 | D:5      | Reached skill level 4 in Spellcasting
  5168 | D:5      | HP: 12/53 [KristoblXynda's ghost (9)]
  5170 | D:5      | Noticed a hornet
  5172 | D:5      | Slain by a hornet

Vault maps used:
D:1:      minmay_arrival_wavy_path
D:2:      marbit_many_paths, serial_forest, infiniplex_forest_end_2,
          infiniplex_forest_clump_diagonal, infiniplex_forest_end_3,
          infiniplex_forest_clump_curved, infiniplex_forest_clump_small,
          infiniplex_forest_lined_2, infiniplex_forest_lined_room_3
D:3:      kennysheep_big_flooded_room, first_ration, wad_rectangle_vault,
          uniq_robin
D:4:      gammafunk_steamed_eel, serial_shops, kennysheep_mini,
          minmay_misc_feat_x, solitary_fountain, minmay_cut_off, uniq_menkaure
D:5:      nicolae_ru_great_annihilating_truth

Skill      XL: |  1  2  3  4  5  6  7 |
---------------+----------------------+-----
Air Magic      | 2 3 |  3.1
Earth Magic    | 2 3 |  3.1
Invocations    | 1 2 3 |  3.0
Short Blades   | 1 2 |  2.7
Long Blades    | 1 2 |  2.7
Axes           | 1 2 |  2.7
Maces & Flails | 1 2 |  2.7
Polearms       | 1 2 |  2.7
Staves         | 1 2 |  2.7
Slings         | 1 2 |  2.7
Crossbows      | 1 2 |  2.7
Throwing       | 1 2 |  2.7
Dodging        | 1 2 |  2.7
Stealth        | 1 2 |  2.7
Shields        | 1 2 |  2.7
Unarmed Combat | 1 2 |  2.7
Spellcasting   | 3 4 |  4.0
Conjurations   | 1 2 |  2.2
Hexes          | 1 2 |  2.2
Charms         | 1 2 |  2.2
Summonings     | 1 2 |  2.2
Necromancy     | 1 2 |  2.2
Translocations | 1 2 |  2.2
Transmutations | 1 2 |  2.2
Fire Magic     | 1 2 |  2.2
Ice Magic      | 1 2 |  2.2
Poison Magic   | 1 2 |  2.2
Fighting       | 3 |  3.8
Bows           | 3 |  3.8
Evocations     | 5 |  5.4
Armour         | 7 |  7.1

Action                   |  1- 3 |  4- 6 |  7- 9 || total
-------------------------+-------+-------+-------++-------
Melee: Unarmed           |     1 |   157 |       ||   158
       Whip              |       |    79 |       ||    79
       Bite              |       |    52 |    15 ||    67
       Club              |       |    22 |       ||    22
       Trident           |       |   197 |   156 ||   353
 Fire: Shortbow          |   102 |       |       ||   102
Throw: Javelin           |       |       |     4 ||     4
Invok: Lunge             |       |    15 |     1 ||    16
       Whirlwind         |       |    38 |     3 ||    41
       Wall Jump         |       |       |     4 ||     4
  Use: Potion            |     2 |     1 |     2 ||     5
       Scroll            |       |     1 |     6 ||     7
 Stab: Sleeping          |       |     1 |     2 ||     3
  Eat: Chunk             |       |     7 |     3 ||    10
       Ration            |       |     1 |     1 ||     2
Armor: Ring mail         |    27 |   185 |   114 ||   326
       Skin              |     2 |       |       ||     2
Dodge: Dodged            |    36 |   163 |    76 ||   275
Block: Shield            |       |   176 |    66 ||   242

Table legend:
 A = Spawn XP
 B = Non-spawn XP
 C = Spawn XP percentage of total XP
 D = Spawn monster count
 E = Non-spawn monster count
 F = Spawn count percentage of total count
 G = Total turns spent on level
                    A         B        C        D         E        F      G
               +---------+---------+-------+---------+---------+-------+---------
         Total |       0 |    1157 |   0.0 |       0 |     118 |   0.0 |  5172
               +---------+---------+-------+---------+---------+-------+---------
           D:1 |       0 |      42 |   0.0 |       0 |      20 |   0.0 |   666
           D:2 |       0 |      64 |   0.0 |       0 |      18 |   0.0 |   806
           D:3 |       0 |     223 |   0.0 |       0 |      53 |   0.0 |  2080
           D:4 |       0 |     787 |   0.0 |       0 |      25 |   0.0 |  1567
           D:5 |       0 |      41 |   0.0 |       0 |       2 |   0.0 |    53
               +---------+---------+-------+---------+---------+-------+---------

Vault maps used:
D:1:      minmay_arrival_wavy_path
D:2:      marbit_many_paths, serial_forest, infiniplex_forest_end_2,
          infiniplex_forest_clump_diagonal, infiniplex_forest_end_3,
          infiniplex_forest_clump_curved, infiniplex_forest_clump_small,
          infiniplex_forest_lined_2, infiniplex_forest_lined_room_3
D:3:      kennysheep_big_flooded_room, first_ration, wad_rectangle_vault,
          uniq_robin
D:4:      gammafunk_steamed_eel, serial_shops, kennysheep_mini,
          minmay_misc_feat_x, solitary_fountain, minmay_cut_off, uniq_menkaure
D:5:      nicolae_ru_great_annihilating_truth

Table legend:
 A = Turns spent in this place as a percentage of turns spent in the entire game.
 B = Non-inter-level travel turns spent in this place as a percentage of non-inter-level travel turns spent in the entire game.
 C = Inter-level travel turns spent in this place as a percentage of turns spent in this place.
 D = Turns resting spent in this place as a percentage of non-inter-level travel turns spent in this place.
 E = Turns spent auto-exploring this place as a percentage of non-inter-level travel turns spent in this place.
 F = Non-inter-level travel turns spent in this place divided by the number of levels of this place that you've seen.
                   A       B       C       D       E      F
               +-------+-------+-------+-------+-------+----------------------
         Total | 100.0 | 100.0 |   3.6 |  25.6 |  49.4 | 996.8
       Dungeon | 100.0 | 100.0 |   3.6 |  25.6 |  49.4 | 996.8
               +-------+-------+-------+-------+-------+----------------------

Table legend:
 A = Kills in this place as a percentage of kills in entire the game.
 B = Kills by you in this place as a percentage of kills by you in the entire game.
 C = Kills by friends in this place as a percentage of kills by friends in the entire game.
 D = Other kills in this place as a percentage of other kills in the entire game.
 E = Experience gained in this place as a percentage of experience gained in the entire game.
 F = Experience gained in this place divided by the number of levels of this place that you have seen.
                   A       B       C       D       E      F
               +-------+-------+-------+-------+-------+----------------------
         Total | 100.0 | 100.0 |   N/A |   N/A | 100.0 | 231.4
       Dungeon | 100.0 | 100.0 |   N/A |   N/A | 100.0 | 231.4
               +-------+-------+-------+-------+-------+----------------------
